 Dungeon Crawl Stone Soup version 0.23-a0-151-gf6d1ed2 (webtiles) character file.

4551 Amnesiac the Frost Mage (level 10, -4/65 HPs)
             Began as a Mummy Ice Elementalist on Sept 9, 2018.
             Was a Priest of Vehumet.
             Slain by a hog (8 damage)
             ... on level 7 of the Dungeon.
             The game lasted 00:18:28 (8466 turns).

Amnesiac the Frost Mage (Mummy Ice Elementalist)    Turns: 8466, Time: 00:18:29

Health: -4/65      AC: 13    Str: 11    XL:     10   Next: 17%
Magic:  1/22       EV: 11    Int: 18    God:    Vehumet [***...]
Gold:   373        SH:  0    Dex: 13    Spells: 13/25 levels left

rFire    x . .     SeeInvis .   a - +3 hand axe (elec)
rCold    + . .     Gourm    .   (no shield)
rNeg     + + +     Faith    +   c - +3 leather armour {MR+}
rPois    ∞         Spirit   .   (no helmet)
rElec    .         Reflect  .   (no cloak)
rCorr    .         Harm     .   m - +0 pair of gloves
MR       ++...                  (no boots)
Stlth    ++........             e - amulet of faith
HPRegen  0.20/turn              (no ring)
MPRegen  0.18/turn              (no ring)

@: icy armour
A: no food or potions, fire vulnerability, cold resistance 1, negative energy
resistance 3, torment resistance, unbreathing
a: Renounce Religion


You were on level 7 of the Dungeon.
You worshipped Vehumet.
Vehumet was most pleased with you.
You were not hungry.

You visited 2 branches of the dungeon, and saw 9 of its levels.

You collected 373 gold pieces.

Inventory:

Hand Weapons
 a - a +3 hand axe of electrocution (weapon)
 b - a +0 blowgun
Missiles
 i - 23 poisoned needles
Armour
 c - a +3 leather armour of magic resistance (worn)
 m - a +0 pair of gloves (worn)
 o - +0 steam dragon scales
Jewellery
 e - an amulet of faith (around neck)
Wands
 l - a wand of flame (43)
Scrolls
 d - a scroll of identify {!r}
 f - a scroll of fog {!r}
 g - a scroll of magic mapping {!r}
 j - 2 scrolls of remove curse {!r}
 k - 2 scrolls of amnesia {!r}


   Skills:
 - Level 1.0 Fighting
 - Level 1.5 Dodging
 - Level 1.5 Stealth
 + Level 8.1 Spellcasting
 * Level 8.1 Conjurations
 * Level 8.2 Ice Magic


You had 13 spell levels left.
You knew the following spells:

 Your Spells              Type           Power        Failure   Level  Hunger
a - Throw Icicle          Conj/Ice       #####...     1%          4    N/A
b - Summon Ice Beast      Ice/Summ       ###.....     22%         4    N/A
d - Freeze                Ice            ####         1%          1    N/A
z - Ozocubu's Armour      Chrm/Ice       ###.....     7%          3    N/A

Your spell library contained the following spells:

 Spells                   Type           Power        Failure   Level  Hunger
 Conjure Flame            Conj/Fire      ###.....     1%          3    N/A
 Throw Frost              Conj/Ice       #####.       1%          2    N/A

Dungeon Overview and Level Annotations

Branches:
Dungeon (8/15)             Temple (1/1) D:6
   Lair: D:8-11

Altars:
Cheibriados
Gozag
Kikubaaqudgha
Nemelex Xobeh
Qazlal
Sif Muna
Vehumet
Wu Jian
Xom
Yredelemnul
Zin


Innate Abilities, Weirdness & Mutations

You do not eat or drink.
Your flesh is vulnerable to fire.
You are immune to poison.
Your flesh is cold resistant. (rC+)
You are immune to negative energy. (rN+++)
You are immune to unholy pain and torment.
You can survive without breathing.


Message History

* * * LOW HITPOINT WARNING * * *
The hog bites you!
* * * LOW HITPOINT WARNING * * *
Evoke which item? (* to show all) (? for menu, Esc to quit)
Okay, then.
Okay, then.
Casting: Ozocubu's Armour (safe; 7% risk of failure)
Confirm with . or Enter, or press ? or * to list all spells.
Aiming: Freeze (safe; 1% risk of failure)
Press: ? - help, Shift-Dir - straight line, f - hog
Aim: a hog (severely wounded)
You freeze the hog.
The hog is almost dead.
The hog closely misses you.
Casting: Freeze (safe; 1% risk of failure)
Confirm with . or Enter, or press ? or * to list all spells.
Aiming: Freeze (safe; 1% risk of failure)
Press: ? - help, Shift-Dir - straight line, f/p - hog
Aim: a hog (almost dead)
You freeze the hog.
You kill the hog!
Vehumet accepts your kill.
Evoke which item? (* to show all) (? for menu, Esc to quit)
Aiming: Throw Flame
Press: ? - help, Shift-Dir - straight line, f - hog
Aim: a hog The puff of flame misses the hog.
The hog bites you.
* * * LOW HITPOINT WARNING * * *
Casting: Freeze (safe; 1% risk of failure)
Confirm with . or Enter, or press ? or * to list all spells.
Aiming: Freeze (safe; 1% risk of failure)
Press: ? - help, Shift-Dir - straight line, f/p - hog
Aim: a hog You freeze the hog.
The hog is lightly wounded.
The hog closely misses you.
Evoke which item? (* to show all) (? for menu, Esc to quit)
Aiming: Throw Flame
Press: ? - help, Shift-Dir - straight line, f/p - hog
Aim: a hog (lightly wounded)
The puff of flame hits the hog.
The hog is moderately wounded.
The hog barely misses you. The hog closely misses you.
Evoke which item? (* to show all) (? for menu, Esc to quit)
Aiming: Throw Flame
Press: ? - help, Shift-Dir - straight line, f/p - hog
Aim: a hog (moderately wounded)
The puff of flame hits the hog.
The hog is heavily wounded.
The hog bites you.
* * * LOW HITPOINT WARNING * * *
Evoke which item? (* to show all) (? for menu, Esc to quit)
Aiming: Throw Flame
Press: ? - help, Shift-Dir - straight line, f/p - hog
Aim: a hog (heavily wounded)
The puff of flame misses the hog.
The hog barely misses you.
Evoke which item? (* to show all) (? for menu, Esc to quit)
Aiming: Throw Flame
Press: ? - help, Shift-Dir - straight line, f/p - hog
Aim: a hog (heavily wounded)
The puff of flame hits the hog.
The hog is severely wounded.
The hog bites you but does no damage. The hog bites you!
You die...

########## #^^^^.##......#
#.......# ##^^^###....!.# #
#.......#######.^_..##.###### #
#............#########.# #
#............#########.# #
#######....###..#....#.#########
##.#...(.#####.[..........
############..########.#########
#.......##.>..h@......[.....#
#.......#..###########[####.#
#..###..#.## #).# #.# #..#
#..### ##.# ### #..###.!# #.#
#.......# #.# #.......# #)#
####'#### #####.##### #.#
#.........#


You could see a hog.

Vanquished Creatures
  An unseen horror (D:7)
  A centaur zombie (D:7)
  Joseph (D:6)
  Prince Ribbit (D:7)
  Grinder (D:5)
  A hog (D:7)
  A hungry ghost (D:7)
  A steam dragon (D:6)
  Menkaure (D:7)
  Duvessa (D:5)
  2 ice beasts
  2 ogres
  3 centaurs
  Blork the orc (D:5)
  2 bullfrogs
  Dowan (D:5)
  2 scorpions (D:4)
  4 wights (D:7)
  2 howler monkeys
  3 crimson imps
  6 orc priests
  A centaur skeleton (D:5)
  2 hounds (D:7)
  2 jellies (D:6)
  9 orc wizards
  Terence (D:1)
  An iguana (D:5)
  Natasha (thrice) (D:2)
  4 worker ants
  A worker ant zombie (D:7)
  6 gnolls
  A howler monkey skeleton (D:4)
  9 adders
  A shadow imp (D:7)
  3 oozes
  An adder zombie (D:6)
  3 worms
  A dart slug (D:2)
  8 leopard geckos
  33 orcs
  4 giant cockroaches
  6 goblins
  4 hobgoblins
  6 jackals
  9 kobolds
  A quokka (D:5)
  2 ball pythons
  3 bats
  8 frilled lizards
  A jackal skeleton (D:4)
  A leopard gecko skeleton (D:4)
  11 rats
  A spectral orc (D:7)
185 creatures vanquished.

Notes
Turn   | Place    | Note
-------+----------+-------------------------------------------
     0 | D:1      | Amnesiac the Mummy Ice Elementalist began the quest for the
                  | Orb.
     0 | D:1      | Reached XP level 1. HP: 13/13 MP: 4/4
   179 | D:2      | Reached XP level 2. HP: 19/19 MP: 3/5
   366 | D:3      | Reached XP level 3. HP: 21/25 MP: 1/7
   428 | D:3      | Reached skill level 1 in Fighting
   623 | D:4      | Learned a level 3 spell: Ozocubu's Armour
   710 | D:5      | Entered Level 5 of the Dungeon
   717 | D:5      | Reached XP level 4. HP: 32/32 MP: 4/9
   763 | D:4      | Noticed an ogre
   779 | D:4      | Killed an ogre
   779 | D:4      | Reached XP level 5. HP: 28/37 MP: 5/11
   832 | D:4      | Learned a level 4 spell: Throw Icicle
   837 | D:4      | Learned a level 4 spell: Summon Ice Beast
   851 | D:4      | Reached skill level 1 in Conjurations
   995 | D:4      | Reached XP level 6. HP: 25/43 MP: 4/12
  1275 | D:5      | Noticed Duvessa
  1275 | D:5      | Noticed Dowan
  1310 | D:7      | Noticed Menkaure
  1310 | D:7      | Noticed Joseph
  1623 | D:5      | Noticed an ice beast
  1841 | D:5      | Found an ancient bone altar of Kikubaaqudgha.
  1881 | D:5      | Killed Duvessa
  1881 | D:5      | Reached XP level 7. HP: 16/48 MP: 1/13
  2146 | D:5      | Noticed Grinder
  2166 | D:5      | Killed Dowan
  2184 | D:5      | Killed Grinder
  2282 | D:5      | Noticed Blork the orc
  2304 | D:5      | Killed Blork the orc
  2304 | D:5      | Reached skill level 5 in Spellcasting
  2304 | D:5      | Reached skill level 5 in Ice Magic
  2548 | D:5      | Found a radiant altar of Vehumet.
  2604 | D:5      | Became a worshipper of Vehumet
  2635 | D:5      | Reached skill level 5 in Conjurations
  2817 | D:2      | Reached XP level 8. HP: 48/54 MP: 9/15
  3287 | D:2      | Reached * piety under Vehumet
  3287 | D:2      | Offered knowledge of Shock by Vehumet.
  3304 | D:2      | Found a shimmering altar of Xom.
  3409 | D:2      | Noticed Terence
  3528 | D:1      | Killed Terence
  3623 | D:2      | Noticed Natasha
  3630 | D:2      | Killed Natasha
  3649 | D:2      | Noticed Natasha
  3654 | D:2      | Killed Natasha
  3726 | D:2      | Noticed Natasha
  3734 | D:2      | Killed Natasha
  4141 | D:3      | Found an opulent altar of Gozag.
  4142 | D:3      | Found a sparkling altar of Nemelex Xobeh.
  4496 | D:4      | Offered knowledge of Sting by Vehumet.
  4605 | D:4      | Reached ** piety under Vehumet
  5650 | D:6      | Got a dazzling mace
  5688 | D:6      | Found a staircase to the Ecumenical Temple.
  5733 | D:6      | Offered knowledge of Conjure Flame by Vehumet.
  5733 | D:6      | Reached XP level 9. HP: 26/59 MP: 7/18
  5735 | D:6      | HP: 1/59 [orc priest/divine providence (8)]
  5737 | Temple   | Entered the Ecumenical Temple
  6287 | D:6      | Found a stormy altar of Qazlal.
  7046 | D:6      | Killed Joseph
  7341 | D:7      | Killed an unseen horror
  7353 | D:7      | Noticed Prince Ribbit
  7607 | D:7      | Killed Prince Ribbit
  7675 | D:7      | Found a basalt altar of Yredelemnul.
  7722 | D:7      | Killed Menkaure
  7776 | D:7      | Reached *** piety under Vehumet
  7934 | D:7      | Reached XP level 10. HP: 65/65 MP: 6/21
  8282 | D:7      | Found a deep blue altar of Sif Muna.
  8464 | D:7      | HP: 3/65 [hog (4)]
  8466 | D:7      | Slain by a hog

Vault maps used:
D:1:      saegor_arrival_simple_a, minmay_rat_gold_closets
D:2:      minmay_hexomino_r4, uniq_terence, uniq_natasha
D:3:      minmay_wonky_spiral, grunt_temple_overflow_opulence,
          serial_corexii_hall, corexii_hall_statues_x, corexii_hall_statues_i
D:4:      grunt_ministairs_7, minmay_misc_feat_square
D:5:      vehumet_altar_wand_db, kiku_gazebo_garden_becter, first_ration,
          minmay_misc_feat_rows, dk_noncrumbling_2, uniq_duvessa,
          uniq_blork_the_orc, uniq_grinder
D:6:      old_standard_altar, minmay_temple_entry_junction
D:7:      led_sif_book, yredelemnul_forgotten_temple_becter,
          kennysheep_generic_room_11, uniq_menkaure, uniq_prince_ribbit1,
          uniq_joseph
D:8:      grunt_lair_entry_orc_guard_hut, grunt_livestock, trog_ov_bears_minmay
Temple:   cyrus_circular_temple

Skill      XL: |  1  2  3  4  5  6  7  8  9 10 |
---------------+-------------------------------+-----
Spellcasting   | 3 4 5 6 7 8 |  8.1
Ice Magic      | 3 4 5 6 8 |  8.2
Fighting       | 1 |  1.0
Conjurations   | 2 4 5 6 7 8 |  8.1
Dodging        | |  1.5
Stealth        | |  1.5

Action                   |  1- 3 |  4- 6 |  7- 9 | 10-12 || total
-------------------------+-------+-------+-------+-------++-------
Melee: Short sword       |     4 |    15 |    45 |       ||    64
       Hand axe          |       |       |    70 |    19 ||    89
       Spear             |       |       |     5 |       ||     5
 Fire: Blowgun           |    38 |    34 |       |       ||    72
 Cast: Freeze            |    28 |    53 |   196 |     4 ||   281
       Ozocubu's Armour  |       |     2 |     8 |     2 ||    12
       Throw Icicle      |       |       |    26 |    19 ||    45
Evoke: Wand              |       |     2 |    28 |     5 ||    35
  Use: Scroll            |     1 |     2 |    10 |       ||    13
 Stab: Paralysed         |       |     4 |    18 |       ||    22
       Sleeping          |       |       |     5 |       ||     5
Armor: Robe              |     6 |     9 |       |       ||    15
       Leather armour    |       |       |    80 |    15 ||    95
       Steam dragon scal |       |       |    11 |       ||    11
Dodge: Dodged            |    17 |    36 |   166 |    16 ||   235

Table legend:
 A = Non-vault XP
 B = Vault XP
 C = Vault XP percentage of total XP
 D = Non-vault monster count
 E = Vault monster count
 F = Vault count percentage of total count
                 A         B        C        D         E       F
            +---------+---------+-------+---------+---------+-------
      Total |    4640 |    1862 |  28.6 |     153 |      32 |  17.3
            +---------+---------+-------+---------+---------+-------
        D:1 |      41 |      42 |  50.6 |      18 |       7 |  28.0
        D:2 |     127 |      67 |  34.5 |      14 |       9 |  39.1
        D:3 |     128 |       9 |   6.6 |      19 |       3 |  13.6
        D:4 |     658 |       3 |   0.5 |      30 |       1 |   3.2
        D:5 |     426 |     587 |  57.9 |      16 |       5 |  23.8
        D:6 |    1020 |     445 |  30.4 |      36 |       1 |   2.7
        D:7 |    2127 |     709 |  25.0 |      19 |       6 |  24.0
        D:8 |     113 |       0 |   0.0 |       1 |       0 |   0.0
            +---------+---------+-------+---------+---------+-------
